 Dungeon Crawl Stone Soup version 0.22.1-1-ga44c0e56f4 (webtiles) character file.

3183 OdinFK the Thaumaturge (level 9, 0/35 HPs)
             Began as a Felid Venom Mage on Oct 11, 2018.
             Was a Believer of Vehumet.
             Slain by a killer bee (10 damage)
             ... on level 8 of the Dungeon.
             The game lasted 00:58:44 (9935 turns).

OdinFK the Thaumaturge (Felid Venom Mage)           Turns: 9935, Time: 00:58:45

Health: 0/35       AC:  2    Str:  4    XL:     9   Next: 64%
Magic:  0/22       EV: 19    Int: 19    God:    Vehumet [**....]
Gold:   264        SH:  0    Dex: 17    Spells: 15/24 levels left
                                        Lives:  0   Deaths: 2

rFire    . . .     SeeInvis +     - Unarmed
rCold    + . .     Gourm    .   (shield unavailable)
rNeg     + . .     Faith    .   (armour unavailable)
rPois    .         Spirit   .   (helmet unavailable)
rElec    .         Reflect  .   (cloak unavailable)
rCorr    .         Harm     .   (gloves unavailable)
MR       +....                  (boots unavailable)
Stlth    +++.......             d - amulet of regeneration
HPRegen  0.51/turn              n - ring of protection from cold
MPRegen  0.18/turn              u - ring of positive energy

@: lethally poisoned (0 -> 0), quick
A: very small, no armour, no weapons or thrown items, stealth, claws 1, fangs 3,
see invisible, carnivore, speed 1, shaggy fur 2, slow metabolism 1, sharp paws
a: Renounce Religion


You were on level 8 of the Dungeon.
You worshipped Vehumet.
Vehumet was pleased with you.
You were very full.

You visited 2 branches of the dungeon, and saw 10 of its levels.
You also visited: Sewer.

You collected 264 gold pieces.

Inventory:

Missiles
 e - 256 stones
Jewellery
 d - an amulet of regeneration (around neck)
 n - a ring of protection from cold (left paw)
 u - a ring of positive energy (right paw)
Wands
 p - a wand of digging (12)
 x - a wand of random effects (5)
 A - a wand of polymorph (11)
Scrolls
 a - 4 scrolls of remove curse
 c - 2 scrolls of amnesia
 j - a scroll of enchant weapon {unknown}
 k - a scroll of noise {unknown}
 o - 2 scrolls of fog {unknown}
 r - 3 scrolls of teleportation
 s - a scroll of acquirement {unknown}
 w - a scroll of blinking {unknown}
 y - a scroll of vulnerability {unknown}
 B - 2 scrolls of immolation {unknown}
 C - a scroll of identify
Potions
 f - 3 potions of heal wounds
 g - a potion of magic
 h - 6 potions of curing
 i - 2 potions of might
 l - a potion of flight
 m - a potion of mutation
 q - 3 potions of haste
 t - a potion of resistance {unknown}
 v - 2 potions of brilliance {unknown}
 z - a potion of invisibility
Comestibles
 b - 16 rations


   Skills:
 - Level 1.1 Fighting
 + Level 3.5 Dodging
 - Level 3.0 Stealth
 - Level 1.2 Unarmed Combat
 + Level 8.2 Spellcasting
 + Level 1.2 Conjurations
 + Level 1.1 Ice Magic
 + Level 6.8 Air Magic
 + Level 7.6 Poison Magic
 + Level 1.0 Evocations


You had 15 spell levels left.
You knew the following spells:

 Your Spells              Type           Power        Failure   Level  Hunger
a - Freeze                Ice            ##..         5%          1    None
b - Poisonous Vapours     Pois/Air       #####.       1%          2    None
c - Magic Dart            Conj           ##..         5%          1    None
d - Venom Bolt            Conj/Pois      ###.......   36%         5    #####..

Your spell library contained the following spells:

 Spells                   Type           Power        Failure   Level  Hunger
 Sting                    Conj/Pois      ###.         1%          1    None
 Mephitic Cloud           Conj/Pois/Air  ####....     3%          3    None
 Olgreb's Toxic Radiance  Pois           #####...     3%          4    ###....
 Summon Small Mammal      Summ           #...         9%          1    None
 Call Imp                 Summ           #.......     14%         2    None
 Summon Lightning Spire   Summ/Air       ###.....     22%         4    ###....
 Call Canine Familiar     Summ           #.......     26%         3    None
 Summon Guardian Golem    Hex/Summ       #.......     26%         3    None
 Summon Ice Beast         Ice/Summ       ##......     56%         4    ###....


Dungeon Overview and Level Annotations

Branches:
Dungeon (9/15)             Temple (1/1) D:5
   Lair: D:8-11         Orc: D:9-12

Altars:
Ashenzari
Cheibriados
Dithmenos
Elyvilon
Fedhas
Gozag
Hepliaklqana
Kikubaaqudgha
Makhleb
Nemelex Xobeh
Okawaru
Qazlal
Ru
Sif Muna
Trog
Uskayaw
Vehumet
Wu Jian
Xom
Yredelemnul
Zin
The Shining One

Shops:
D:6 (   D:7 !!   D:8 (

Annotations:
D:2 1 runed door


Innate Abilities, Weirdness & Mutations

You cannot wear armour.
You are incapable of wielding weapons or throwing items.
Your paws allow you to move quietly. (Stealth)
You have sharp claws.
You have razor-sharp teeth.
You have supernaturally acute eyesight. (SInv)
You are carnivorous and can eat meat at any time.
You cover ground quickly.
You are covered in thick fur. (AC +2)
You have a slow metabolism.
Your sharp claws are effective at attacking unaware monsters.


Message History

You don't have enough magic to cast that spell.
The killer bee stings you.
The killer bee looks more healthy.
You feel sick. The killer bee closely misses you. The killer bee stings you.
* * * LOW HITPOINT WARNING * * *
Casting: Poisonous Vapours (safe; 1% risk of failure)
Confirm with . or Enter, or press ? or * to list all spells.
Aiming: Poisonous Vapours (safe; 1% risk of failure)
Press: ? - help, Dir - move target cursor, f/p - killer bee
Aim: a killer bee (heavily wounded) Poisonous vapours surround the killer bee!
You feel sick.
The killer bee is engulfed in poison gas.
The killer bee is poisoned.
The killer bee completely misses you.
The killer bee is engulfed in poison gas.
The killer bee looks even sicker.
The killer bee completely misses you. The bullfrog misses you.
The killer bee stings you!
You die...

###...............### .Y...
#####.....#....## .......
##.†######..# ###F### ###
#.[# #..##### .. #.### #..#
#...##.# .. ##..####..#
#...#..# ##...#...# ##......#
##......#####.......#
#........y@........##
##........F..#####...## ##
##..##....##### #.....#####.
##.#####...# ##.......#...
#.## #..## ###...#....####
#### #..# ##.....##...# #
#.## ##..#####.......#...#
###.#####....#.....##...#...#
#..#..##.........#####......#


You could see a bullfrog and a killer bee.

Vanquished Creatures
  A troll (D:8)
  A hippogriff (D:8)
  A fire bat (D:6)
  Duvessa (D:7)
  3 orc warriors
  A sky beast (D:8)
  A black bear (D:7)
  5 ogres
  A phantom (D:9)
  4 big kobolds (Sewer)
  8 bullfrogs
  A scorpion (D:7)
  Dowan (D:7)
  7 killer bees
  2 crimson imps (D:7)
  2 bullfrog skeletons
  2 hounds
  A centaur skeleton (D:4)
  2 orc priests
  3 orc wizards
  3 iguanas
  Natasha (D:1)
  A gnoll shaman (D:5)
  6 worker ants
  A worker ant zombie (D:9)
  Robin (D:2)
  5 gnolls (D:5)
  3 river rats (Sewer)
  17 adders
  A shadow imp (D:6)
  3 oozes
  2 adder skeletons (D:4)
  An adder zombie (D:8)
  8 worms
  3 leopard geckos
  28 orcs
  7 ball pythons
  7 bats
  5 giant cockroaches
  19 goblins
  16 hobgoblins
  2 jackals (D:2)
  3 quokkas
  6 frilled lizards
  A jackal skeleton (D:4)
  13 kobolds
  2 leopard gecko skeletons
  A quokka skeleton (D:5)
  6 rats
220 creatures vanquished.

Notes
Turn   | Place    | Note
-------+----------+-------------------------------------------
     0 | D:1      | OdinFK the Felid Venom Mage began the quest for the Orb.
     0 | D:1      | Reached XP level 1. HP: 7/7 MP: 4/4
   268 | D:1      | Reached XP level 2. HP: 11/11 MP: 0/6
   272 | D:1      | Learned a level 2 spell: Poisonous Vapours
   386 | D:1      | Reached skill level 1 in Conjurations
  1008 | D:2      | Found a faded altar of an unknown god.
  1008 | D:2      | Noticed Robin
  1117 | D:2      | Reached XP level 3. HP: 15/15 MP: 2/7
  1410 | D:2      | Reached skill level 1 in Fighting
  1481 | D:2      | Reached XP level 4. HP: 19/19 MP: 3/8
  1656 | D:2      | Reached skill level 1 in Air Magic
  1763 | D:2      | Found a runed door.
  1824 | D:2      | Noticed Natasha
  1861 | D:1      | Killed Natasha
  2104 | D:2      | Killed Robin
  2154 | D:2      | Found a bloodstained altar of Trog.
  2396 | D:2      | Reached skill level 3 in Spellcasting
  2396 | D:2      | Reached XP level 5. HP: 22/22 MP: 6/10
  3014 | D:3      | Found a hazy altar of Hepliaklqana.
  3333 | D:3      | Gained mutation: You are covered in thick fur. (AC +2)
                  | [Felid growth]
  3333 | D:3      | Reached XP level 6. HP: 25/25 MP: 3/12
  4435 | D:5      | Entered Level 5 of the Dungeon
  4488 | D:5      | Reached skill level 1 in Unarmed Combat
  4730 | D:5      | Slain by a water moccasin zombie
  4731 | D:5      | Reached XP level 5. HP: 0/22 MP: 10/11
  4747 | D:5      | Reached skill level 4 in Spellcasting
  4769 | D:5      | Found a glowing drain.
  4824 | Sewer    | Entered a sewer
  4856 | Sewer    | Reached XP level 6. HP: 25/25 MP: 7/13
  5399 | Sewer    | Reached skill level 5 in Poison Magic
  5399 | Sewer    | Reached XP level 7. HP: 28/28 MP: 1/15
  5858 | D:5      | Reached skill level 5 in Spellcasting
  6035 | D:5      | Found a staircase to the Ecumenical Temple.
  6047 | Temple   | Entered the Ecumenical Temple
  6131 | Temple   | Became a worshipper of Vehumet
  6574 | D:6      | Found Kegaush's Weapon Emporium.
  6600 | D:6      | Found a glowing golden altar of the Shining One.
  6727 | D:6      | Found a sacrificial altar of Ru.
  6823 | D:6      | Reached XP level 8. HP: 29/32 MP: 17/17
  6996 | D:6      | Mangled by a fire bat
  6997 | D:6      | Reached XP level 7. HP: -7/28 MP: 13/16
  7008 | D:6      | Killed a fire bat
  7195 | D:7      | Reached skill level 6 in Spellcasting
  7299 | D:7      | Reached skill level 5 in Air Magic
  7503 | D:7      | Reached XP level 8. HP: 32/32 MP: 7/18
  7604 | D:7      | Reached * piety under Vehumet
  7604 | D:7      | Offered knowledge of Freeze by Vehumet.
  7607 | D:7      | Learned a level 1 spell: Freeze
  7705 | D:7      | Found Textata's Distillery.
  7852 | D:7      | Noticed Dowan
  7852 | D:7      | Noticed Duvessa
  7862 | D:7      | Killed Dowan
  7935 | D:7      | Killed Duvessa
  7935 | D:7      | Reached skill level 1 in Evocations
  7983 | D:7      | Found Fiupn's Distillery.
  8428 | D:8      | Reached skill level 7 in Spellcasting
  8571 | D:8      | Noticed a hippogriff
  8583 | D:8      | Killed a hippogriff
  8583 | D:8      | Reached skill level 1 in Ice Magic
  8691 | D:8      | Reached XP level 9. HP: 35/35 MP: 2/21
  8819 | D:8      | Noticed a troll
  8854 | D:8      | Killed a troll
  9122 | D:8      | Found Ixaimu's Antique Weapon Shop.
  9374 | D:9      | Offered knowledge of Magic Dart by Vehumet.
  9382 | D:9      | Reached ** piety under Vehumet
  9385 | D:9      | Learned a level 1 spell: Magic Dart
  9391 | D:9      | Learned a level 5 spell: Venom Bolt
  9494 | D:9      | Reached skill level 8 in Spellcasting
  9737 | D:7      | Found an ornate altar of the Wu Jian Council.
  9935 | D:8      | Slain by a killer bee

Skill      XL: |  1  2  3  4  5  6  7  8  9 |
---------------+----------------------------+-----
Dodging        | 3 |  3.5
Poison Magic   | 3 5 6 7 |  7.6
Conjurations   | 1 |  1.2
Stealth        | 3 |  3.0
Fighting       | 1 |  1.1
Air Magic      | 1 2 3 5 6 |  6.8
Spellcasting   | 3 4 6 7 8 |  8.2
Unarmed Combat | 1 |  1.2
Evocations     | 1 |  1.0
Ice Magic      | 1 |  1.1

Action                   |  1- 3 |  4- 6 |  7- 9 || total
-------------------------+-------+-------+-------++-------
Melee: Unarmed           |     4 |   153 |   134 ||   291
       Bite              |       |    17 |    12 ||    29
       Punch             |       |       |     2 ||     2
 Cast: Sting             |    30 |     1 |       ||    31
       Poisonous Vapours |    25 |   142 |   187 ||   354
       Freeze            |       |       |    13 ||    13
       Magic Dart        |       |       |    16 ||    16
Evoke: Wand              |       |       |    10 ||    10
  Use: Scroll            |       |     8 |     5 ||    13
       Potion            |       |     1 |       ||     1
 Stab: Sleeping          |       |     3 |     4 ||     7
  Eat: Chunk             |    10 |    12 |    19 ||    41
Armor: Skin              |     1 |     7 |    23 ||    31
Dodge: Dodged            |    29 |   139 |   206 ||   374
